 Dungeon Crawl Stone Soup version 0.17.0-9-g801d43b (webtiles) character file.

255 JudasIscariot the Covered (level 5, 0/47 HPs)
             Began as a Minotaur Fighter on Nov 9, 2015.
             Killed by nerve-wracking pain
             ... invoked by an orc priest
              (11 damage)
             ... on level 4 of the Dungeon.
             The game lasted 00:07:36 (2500 turns).

JudasIscariot the Covered (Minotaur Fighter)        Turns: 2500, Time: 00:07:36

Health: 0/47       AC: 11    Str: 22    XL:     5   Next: 91%
Magic:  4/4        EV:  8    Int:  5    God:
Gold:   80         SH: 10    Dex:  9    Spells: 0 memorised, 4 levels left

rFire  . . .     SeeInvis .     a - +1 flail
rCold  . . .     Clarity  .     j - +2 scale mail {rPois}
rNeg   . . .     SustAt   .     c - +0 shield
rPois  +         Gourm    .     (helmet restricted)
rElec  .         Spirit   .     t - +0 cloak (curse)
rCorr  .         Warding  .     p - +0 pair of gloves
rMut   .         Stasis   .     (no boots)
MR     .....                    (no amulet)
Stlth  ..........               (no ring)
                                (no ring)

@: not resistant to hostile enchantments, extremely unstealthy
A: retaliatory headbutt, horns 2
a: no special abilities


You were on level 4 of the Dungeon.
You were not hungry.

You visited 1 branch of the dungeon, and saw 4 of its levels.

You collected 80 gold pieces.

Inventory:

Hand Weapons
 a - a +1 flail (weapon)
Armour
 c - a +0 shield (worn)
 j - a +2 scale mail of poison resistance (worn)
 p - a +0 pair of gloves (worn)
 t - a cursed +0 cloak (worn)
Scrolls
 g - 2 scrolls of remove curse
 k - 3 scrolls of identify
 l - 4 scrolls of amnesia {unknown}
 n - a scroll of fog
 q - 2 scrolls of immolation {unknown}
 u - a scroll of magic mapping {unknown}
Potions
 b - a potion of heal wounds {unknown}
 d - a potion of might
 f - a potion of cancellation {unknown}
 h - a potion of curing
 i - a potion of ambrosia {unknown}
 o - a potion of poison {unknown}
 r - a potion of lignification {unknown}
 s - a potion of mutation {unknown}
Books
 w - a book of Debilitation

   Spells                             Type                      Level
   a - Corona                         Hexes                        1
   b - Slow                           Hexes                        2
   c - Gell's Gravitas                Hexes/Translocation          3
   d - Inner Flame                    Hexes/Fire                   3
   e - Cause Fear                     Hexes                        4
   f - Leda's Liquefaction            Hexes/Earth                  4
Comestibles
 e - 3 bread rations
 m - 2 fruits
 v - a chunk of flesh


   Skills:
 * Level 4.7 Fighting
 * Level 3.9 Maces & Flails
 * Level 5.4 Armour
 + Level 1.3 Dodging
 + Level 0.1 Stealth
 * Level 4.9 Shields


You had 4 spell levels left.
You didn't know any spells.

Dungeon Overview and Level Annotations

Branches:
Dungeon (4/15)
 Temple: D:4-7

Altars:
Elyvilon
Makhleb
Nemelex Xobeh


Innate Abilities, Weirdness & Mutations

You reflexively headbutt those who attack you in melee.
You have a pair of horns on your head.


Message History

The orc wizard blinks!
You block the orc priest's attack.
The orc priest mumbles some strange prayers to Beogh against you.
Something smites you!
* * * LOW HITPOINT WARNING * * *
Drink which item? (? for menu, Esc to quit)
You feel better.
You hear the slow hiss of a very distant avalanche of sand.
The orc priest closely misses you. You furiously retaliate!
You headbutt the orc priest, but do no damage.
The orc priest hits you but does no damage.
You closely miss the orc priest. You headbutt the orc priest.
The orc priest is lightly wounded.
You feel yourself speed up. You block the orc priest's attack.
You closely miss the orc priest. You headbutt the orc priest.
The orc priest is heavily wounded.
You block the orc wizard's attack.
The orc priest mumbles some strange prayers to Beogh against you.
Pain shoots through your body!
You die...

.......#...# #.
........... .(.#...# #.
.....$..#.# ..#...# #.
.......#.# #.#...####.
......#.####..........
..#....#)##....##.#####
.#.#....#.o#.#...<.#
$.....o.#..#.......#
.....#@##.#.#.....#
#...o..#.###...#
#....###.......# #....#
####....##.. #....#
#......## #....#
#........
#.#########.#...... #.#
#.....#..####
#.#####.#####...#


You could see an orc priest and an orc wizard.

Vanquished Creatures
  An ogre (D:4)
  Jessica (D:3)
  Natasha (thrice) (D:3)
  3 adders
  A worm (D:2)
  An orc (D:4)
  5 bats
  8 hobgoblins
  4 jackals (D:3)
  16 kobolds
  2 quokkas
  2 ball pythons
  3 giant cockroaches
  3 giant geckos
  2 giant newts
  7 goblins
  7 rats
69 creatures vanquished.

Notes
Turn   | Place    | Note
--------------------------------------------------------------
     0 | D:1      | JudasIscariot the Minotaur Fighter began the quest for the Orb.
     0 | D:1      | Reached XP level 1. HP: 19/19 MP: 0/0
   180 | D:1      | Reached XP level 2. HP: 25/27 MP: 1/1
   185 | D:1      | Reached skill level 4 in Fighting
   989 | D:2      | Reached XP level 3. HP: 33/33 MP: 2/2
  1699 | D:3      | Noticed Natasha
  1708 | D:3      | Killed Natasha
  1708 | D:3      | Reached skill level 1 in Dodging
  1708 | D:3      | Reached XP level 4. HP: 30/40 MP: 3/3
  1790 | D:3      | Noticed Natasha
  1795 | D:3      | Killed Natasha
  1804 | D:3      | Noticed Natasha
  1808 | D:3      | Killed Natasha
  1829 | D:3      | Noticed Jessica
  1833 | D:3      | Killed Jessica
  1991 | D:3      | Found a sparkling altar of Nemelex Xobeh.
  2021 | D:3      | Reached XP level 5. HP: 45/47 MP: 4/4
  2118 | D:3      | Found a white marble altar of Elyvilon.
  2124 | D:3      | Found a burning altar of Makhleb.
  2252 | D:3      | Reached skill level 5 in Armour
  2410 | D:4      | Noticed an ogre
  2421 | D:4      | Killed an ogre
  2500 | D:4      | Killed from afar by an orc priest

Action                   |  1- 3 |  4- 6 || total
-------------------------+-------+-------++-------
Melee: Flail             |   107 |    44 ||   151
  Use: Scroll            |     4 |       ||     4
       Potion            |       |     2 ||     2
  Eat: Chunk             |     2 |     3 ||     5
